Map: [ESL] Site Delta

Players

Reynor - Winner!

  • Race: Zerg Zerg
  • League: Master
  • Spawn Location: 11:00

trigger

  • Race: Protoss Protoss
  • League: Grandmaster
  • Spawn Location: 5:00

Event: HomeStory Cup XXIV

VOD

Have the link to the VOD?

Description

Time

  • Played on: Dec. 2, 2023, 12:20 p.m.
  • Length: 7:59

All games in this series

Show
View Real Time Build Order
Export as new Build Order

Reynor Zerg - Winner!

Build Orders: Hatch First 

Get SALT Encoding   

  12  0:00  Drone  
  13  0:11  Overlord  
  13  0:16  Drone  
  14  0:30  Drone x2  
  14  0:34  Drone  
  17  0:51  Hatchery  
  17  0:55  Drone  
  17  0:58  Drone  
  18  1:05  Drone  
  18  1:09  Extractor  
  18  1:15  Spawning Pool  
  17  1:19  Drone  
  18  1:27  Drone  
  19  1:38  Drone  
  20  1:48  Overlord  
  20  2:02  Queen  
  20  2:03  Zergling x4, Queen  
  26  2:10  Drone  
  26  2:12  Metabolic Boost  
  26  2:15  Drone  
  28  2:22  Drone  
  29  2:25  Drone  
  30  2:34  Hatchery  
  30  2:36  Zergling x2  
  30  2:39  Drone  
  31  2:45  Queen  
  31  2:50  Overlord  
  33  2:53  Drone  
  33  2:57  Drone  
  35  2:59  Drone  
  36  3:08  Queen, Drone  
  36  3:09  Drone  
  40  3:14  Drone, Overlord  
  40  3:16  Drone  
  40  3:18  Drone  
  43  3:21  Drone  
  44  3:31  Queen  
  45  3:34  Drone  
  45  3:37  Drone  
  45  3:39  Drone  
  47  3:43  Queen, Drone x3  
  47  3:47  Overlord  
  51  3:49  Drone  
  52  3:57  Drone x3  
  52  3:58  Spore Crawler  
  52  4:02  Spore Crawler  
  54  4:04  Overlord  
  54  4:06  Drone x2  
  54  4:08  Spore Crawler  
  55  4:18  Drone x4  
  55  4:21  Zergling x4  
  55  4:22  Zergling x2  
  63  4:31  Drone x4  
  63  4:33  Extractor  
  63  4:35  Roach Warren  
  63  4:37  Lair  
  64  4:40  Drone x2  
  64  4:44  Drone x2  
  68  4:47  Extractor, Overlord  
  68  4:48  Drone  
  68  4:52  Extractor  
  67  4:54  Overlord  
  67  4:55  Drone  
  68  5:01  Overlord  
  68  5:03  Drone  
  68  5:06  Spore Crawler  
  69  5:15  Roach x4  
  69  5:16  Roach x3  
  69  5:17  Zergling x6  
  69  5:18  Queen  
  88  5:24  Spore Crawler  
  88  5:26  Roach x2  
  88  5:28  Overlord  
  90  5:34  Pneumatized Carapace  
  90  5:39  Roach x2, Zergling x6  
  90  5:42  Overlord  
  96  5:50  Zergling x10  
  96  5:53  Spore Crawler  
  96  5:56  Ravager x2  
  101  5:59  Overlord  
  101  6:04  Ravager  
  102  6:05  Ravager  
  102  6:06  Zergling x4  
  102  6:07  Zergling x8  
  102  6:08  Zergling x2  
  110  6:11  Overlord  
  107  6:20  Overlord  
  107  6:27  Ravager x2  
  107  6:29  Zergling x16  
  107  6:32  Ravager  
  118  6:35  Zergling x4  
  119  6:42  Zergling x6  
  119  6:43  Zergling x2  
  118  6:52  Zergling x10  
  116  6:58  Zergling x6  
  116  6:59  Ravager  
  116  7:00  Ravager x2  
  118  7:06  Zergling x6  
  118  7:07  Zergling x2  
  116  7:13  Zergling x8  
  117  7:15  Zergling x2  
  117  7:20  Zergling x6  
  120  7:25  Zergling x6  
  121  7:32  Zergling x2  
  121  7:34  Overlord  
  121  7:35  Drone  
  121  7:41  Drone  
  121  7:42  Drone  
  121  7:43  Drone  
Show
View Real Time Build Order
Export as new Build Order

trigger Protoss 

Build Orders: 1 Gate Expand, Oracle Opening 

Get SALT Encoding   

  12  0:00  Probe  
  13  0:12  Probe  
  14  0:19  Pylon  
  14  0:24  Probe  
  15  0:37  Probe (Chrono Boost)  
  15  0:41  Gateway  
  16  0:47  Probe (Chrono Boost)  
  17  0:52  Probe (Chrono Boost)  
  17  0:55  Assimilator  
  18  1:03  Probe  
  19  1:15  Probe  
  20  1:26  Nexus  
  21  1:36  Cybernetics Core  
  20  1:40  Probe  
  20  1:46  Assimilator  
  21  1:52  Probe  
  22  1:54  Pylon  
  22  2:04  Probe (Chrono Boost)  
  23  2:10  Adept (Chrono Boost)  
  26  2:16  Probe (Chrono Boost)  
  26  2:20  Probe (Chrono Boost)  
  27  2:23  Stargate  
  27  2:30  Probe  
  27  2:33  Adept  
  30  2:37  Warp Gate  
  30  2:39  Probe (Chrono Boost)  
  32  2:46  Probe (Chrono Boost)  
  33  2:51  Probe (Chrono Boost)  
  34  2:58  Probe x2 (Chrono Boost)  
  34  3:03  Adept  
  34  3:05  Oracle (Chrono Boost), Probe  
  37  3:07  Probe  
  42  3:13  Pylon  
  42  3:17  Probe  
  42  3:19  Probe  
  44  3:30  Probe  
  44  3:31  Probe  
  46  3:38  Oracle (Chrono Boost)  
  47  3:42  Probe  
  47  3:43  Probe  
  47  3:47  Gateway  
  47  3:54  Probe  
  47  3:55  Nexus  
  48  3:59  Pylon, Probe  
  49  4:07  Oracle  
  51  4:12  Probe  
  51  4:14  Probe  
  51  4:15  Assimilator  
  51  4:17  Assimilator  
  53  4:18  Pylon  
  53  4:25  Probe  
  53  4:27  Probe  
  53  4:29  Adept  
  57  4:35  Twilight Council  
  57  4:37  Probe  
  58  4:45  Probe (Chrono Boost)  
  59  4:49  Probe (Chrono Boost)  
  59  4:51  Gateway  
  59  4:52  Gateway  
  60  4:56  Forge  
  60  4:57  Probe (Chrono Boost)  
  62  5:01  Probe (Chrono Boost)  
  62  5:03  Probe (Chrono Boost)  
  62  5:06  Probe (Chrono Boost)  
  63  5:09  Blink (Chrono Boost), Probe  
  63  5:13  Probe  
  66  5:17  Gateway, Probe  
  66  5:18  Gateway  
  67  5:23  Pylon, Shield Battery  
  67  5:27  Stalker  
  69  5:28  Probe  
  69  5:30  Protoss Ground Weapons Level 1  
  69  5:32  Stalker  
  69  5:34  Probe  
  69  5:35  Probe  
  74  5:40  Probe  
  75  5:43  Pylon  
  75  5:46  Probe  
  75  5:47  Stalker  
  75  5:48  Stalker  
  75  5:49  Probe  
  81  5:56  Probe  
  82  5:58  Probe  
  82  5:59  Pylon  
  82  6:02  Stalker x2  
  82  6:03  Probe  
  88  6:08  Assimilator  
  88  6:10  Pylon  
  89  6:12  Probe  
  89  6:15  Stalker x2  
  93  6:20  Stalker x2  
  93  6:21  Shield Battery  
  97  6:27  Stalker x2  
  97  6:30  Pylon  
  101  6:37  Shield Battery  
  101  6:40  Zealot x2  
  93  6:47  Stalker x2  
  93  6:54  Zealot x2  
  80  7:03  Stalker x2  
  78  7:10  Stalker x2  
  81  7:19  Stalker x2  
  83  7:22  Pylon  
  83  7:25  Pylon  
  80  7:33  Stalker x3  
  86  7:39  Stalker  
  86  7:43  Zealot x2  
Tags
 
Add a new tag
Caveats
  • Supply blocks, unpowered buildings, or Contaminate may cause inaccurate times.
  • Supply counts are checked every 10 seconds.